 Dungeon Crawl Stone Soup version 0.28-a0-704-g4d584c6bc1 (webtiles) character file.

Game seed: 6247187460757115783

61 Lekart the Shield-Bearer (level 3, -1/31 HPs)
             Began as a Draconian Fighter on Oct 24, 2021.
             Slain by a hobgoblin (4 damage)
             ... on level 3 of the Dungeon.
             The game lasted 00:01:35 (1756 turns).

Lekart the Shield-Bearer (Draconian Fighter)        Turns: 1756, Time: 00:01:36

Health: -1/31      AC:  5    Str: 19    XL:     3   Next: 83%
Magic:  3/3        EV:  8    Int:  8    God:
Gold:   54         SH: 12    Dex: 10    Spells: 2/2 levels left

rFire   . . .      SeeInvis .   a - +0 long sword
rCold   . . .      Faith    .   e - +0 tower shield
rNeg    . . .      Spirit   .   (armour unavailable)
rPois   .          Reflect  .   (helmet restricted)
rElec   .          Harm     .   (no cloak)
rCorr   .          Rampage  .   (no gloves)
Will    .....                   (no boots)
Stlth   +.........              (no amulet)
HPRegen 0.10/turn               (no ring)
MPRegen 0.08/turn               (no ring)

@: no status effects
A: AC +5, unfitting armour, cold-blooded
a: no special abilities


You were on level 3 of the Dungeon.
You visited 1 branch of the dungeon, and saw 3 of its levels.

You collected 54 gold pieces.

Inventory:

Hand Weapons
 a - a +0 long sword (weapon)
Armour
 b - a +0 buckler
 e - a +0 tower shield (worn)
Jewellery
 d - a ring of fire
Scrolls
 f - 3 scrolls of immolation {unknown}
Potions
 c - a potion of might


   Skills:
 - Level 3.5 Fighting
 - Level 2.1 Long Blades
 - Level 2.9 Dodging
 + Level 4.4 Shields


You had 2 spell levels left.
You didn't know any spells.
Your spell library was empty.

Dungeon Overview and Level Annotations

Branches:
Dungeon (3/15)

Altars:


Innate Abilities, Weirdness & Mutations

Your plain brown scales are hard. (AC +5)
You cannot fit into any form of body armour.
You are cold-blooded and may be slowed by cold attacks.


Message History

You closely miss the rat. You tail-slap the rat.
You kill the rat!
You start resting.
A dart slug comes into view.
A dart slug is nearby!
Found 19 arrows.
You hit the dart slug. You tail-slap the dart slug.
The dart slug is almost dead.
The dart slug launches a dart at you. The slug dart hits you.
* * * LOW HITPOINT WARNING * * *
You hit the dart slug but do no damage.
The dart slug is almost dead.
The dart slug bites you but does no damage.
You hit the dart slug.
You kill the dart slug!
You start resting.
A hobgoblin comes into view.
You see here a +0 whip.
You hit the hobgoblin but do no damage.
You tail-slap the hobgoblin, but do no damage.
You block the hobgoblin's attack.
You closely miss the hobgoblin. The hobgoblin barely misses you. x2
You hit the hobgoblin but do no damage.
You tail-slap the hobgoblin, but do no damage.
The hobgoblin hits you.
* * * LOW HITPOINT WARNING * * *
The hobgoblin barely misses you.
You hit the hobgoblin but do no damage. You tail-slap the hobgoblin.
The hobgoblin is severely wounded.
You block the hobgoblin's attack.
You hit the hobgoblin but do no damage.
You tail-slap the hobgoblin, but do no damage.
The hobgoblin is severely wounded.
You block the hobgoblin's attack. The hobgoblin hits you.
* * * LOW HITPOINT WARNING * * *
You closely miss the hobgoblin.
The hobgoblin is severely wounded.
The hobgoblin hits you.
You die...

... ... ...# ..
... . .. ..#####.#
#. ........
#.###.#....
##.#.....#####
#......g......
#..#..@..####
.....#.)<.....#
.......#........#
.......#..........
##+##..#..........
#..###PP≈P≈... .(.
.PP≈P≈..#


PP≈≈≈PPP# P≈♣≈≈≈P.# You could see a hobgoblin.

Vanquished Creatures
  2 gnolls
  3 dart slugs
  4 bats
  3 endoplasms (D:1)
  4 giant cockroaches
  2 goblins (D:1)
  2 hobgoblins
  3 quokkas
  2 ball pythons (D:1)
  2 frilled lizards (D:1)
  2 kobolds (D:1)
  4 rats
33 creatures vanquished.

Notes
Turn   | Place    | Note
-------+----------+-------------------------------------------
     0 | D:1      | Lekart the Draconian Fighter began the quest for the Orb.
     0 | D:1      | Reached XP level 1. HP: 19/19 MP: 1/1
   165 | D:1      | Reached XP level 2. HP: 19/26 MP: 2/2
  1221 | D:1      | Reached XP level 3. HP: 31/31 MP: 3/3
  1559 | D:2      | Found a faded altar of an unknown god.
  1666 | D:2      | Reached skill level 4 in Shields
  1756 | D:3      | Slain by a hobgoblin

Illustrated notes

Levels and vault maps discovered:
D:1:      eino_arrival_water_star, layout_basic
D:2:      layout_loops_cross, shapermc_ecumenical_altar_totnotflames,
          uniq_jessica, uniq_natasha
D:3:      layout_basic, serial_bayou, serial_bayou_shore_b,
          serial_bayou_lagoon_a, serial_bayou_pond_a, serial_bayou_ford_a,
          kennysheep_flooded_box, st_stairs_3

Skill      XL: |  1  2  3 |
---------------+----------+-----
Shields        | 4 |  4.4
Fighting       | |  3.5
Long Blades    | |  2.1
Dodging        | |  2.9

Action                   || total
-------------------------++-------
Melee: Long sword        ||    99
       Tailslap          ||    13
  Use: Scroll            ||     1
Armor: Skin              ||    37
Dodge: Dodged            ||    49
Block: Buckler           ||     4
       Tower shield      ||    72

Table legend: (Time is in decaauts)
 A = Elapsed time spent in this place.
 B = Non-inter-level travel time spent in this place.
 C = Inter-level travel time spent in this place.
 D = Time resting spent in this place.
 E = Time spent auto-exploring this place.
 F = Levels seen in this place.
 G = Mean time per level.
                   A        B        C        D        E       F      G
               +--------+--------+--------+--------+--------+-----+--------+
         Total |   1822 |   1813 |      9 |     45 |   1483 |   3 |  607.3 |
       Dungeon |   1822 |   1813 |      9 |     45 |   1483 |   3 |  607.3 |
               +--------+--------+--------+--------+--------+-----+--------+

Top non-repeatable levels by time:
     D:1: 1533 daAuts
     D:2: 218 daAuts
     D:3: 71 daAuts
